 Dungeon Crawl Stone Soup version 0.24.1-5-g77f818bfca (webtiles) character file.

Game seed: 12815966658209463364, levelgen mode: deterministic

86 4FPSwarrior the Skirmisher (level 4, -5/38 HPs)
             Began as a Human Monk on Apr 24, 2020.
             Slain by Natasha (9 damage)
             ... on level 2 of the Dungeon.
             The game lasted 00:04:00 (2182 turns).

4FPSwarrior the Skirmisher (Human Monk)             Turns: 2182, Time: 00:04:01

Health: -5/38      AC:  4    Str: 13    XL:     4   Next: 77%
Magic:  4/4        EV: 13    Int: 10    God:
Gold:   56         SH:  0    Dex: 15    Spells: 3/3 levels left

rFire    . . .     SeeInvis .   l - +0 broad axe
rCold    . . .     Gourm    .   (no shield)
rNeg     . . .     Faith    .   e - +0 leather armour
rPois    .         Spirit   .   g - +0 helmet
rElec    .         Reflect  .   (no cloak)
rCorr    .         Harm     .   (no gloves)
MR       .....                  (no boots)
Stlth    ++........             (no amulet)
HPRegen  0.12/turn              (no ring)
MPRegen  0.09/turn              (no ring)

@: flying, slowed, very slow
A: no striking features
a: no special abilities


You were on level 2 of the Dungeon.
You were not hungry.

You visited 1 branch of the dungeon, and saw 2 of its levels.

You collected 56 gold pieces.

Inventory:

Hand Weapons
 a - a +0 falchion
 l - a +0 broad axe (weapon)
Missiles
 p - 12 poisoned darts (quivered)
 q - 5 stones
Armour
 b - a +0 robe
 e - a +0 leather armour (worn)
 g - a +0 helmet (worn)
Jewellery
 i - a +2 ring of evasion {unknown}
 r - an uncursed ring of protection from cold {unknown}
Scrolls
 d - 2 scrolls of teleportation {unknown}
 f - a scroll of fog {unknown}
 j - 3 scrolls of identify {unknown}
 n - a scroll of fear {unknown}
Potions
 k - a potion of degeneration {unknown}
 m - a potion of curing {unknown}
 o - a potion of flight
Comestibles
 c - 3 rations
 h - 2 chunks of flesh


   Skills:
 * Level 4.5 Fighting
 - Level 3.6 Long Blades
 + Level 0.8 Axes
 - Level 3.0 Dodging
 - Level 2.0 Stealth


You had 3 spell levels left.
You didn't know any spells.
Your spell library was empty.

Dungeon Overview and Level Annotations

Branches:
Dungeon (2/15)

Altars:

Annotations:
D:2 exclusion: adder, Natasha


Message History

You are too injured to fight recklessly!
Natasha casts a spell at you. The magic dart hits you.
* * * LOW HITPOINT WARNING * * *
You slash the worm!
The worm is severely wounded.
The worm bites you.
* * * LOW HITPOINT WARNING * * *
The worm closely misses you.
You slash the worm!
You kill the worm!
Natasha claws you.
* * * LOW HITPOINT WARNING * * *
Natasha misses you.
It was a potion of flight.
You feel very buoyant.
You fly up into the air.
Natasha mewls in sadness.
Natasha claws you!
You die...

#........
#........
#........
#........
#..(.....
######........
##.?..........[
#.....#h#####..
#.....#@#
#.<...#.#
#.....#.###
#######...#
###.# #.# #.#
######### #.#
#.......# #.#
#.#####รท#


You could see Natasha.

Vanquished Creatures
  Natasha (D:2)
  2 adders (D:2)
  An ooze (D:1)
  3 worms (D:2)
  A dart slug (D:1)
  2 leopard geckos (D:2)
  4 bats
  A giant cockroach (D:1)
  3 goblins
  A hobgoblin (D:1)
  4 kobolds
  A ball python (D:1)
  4 frilled lizards
  A rat (D:1)
29 creatures vanquished.

Notes
Turn   | Place    | Note
-------+----------+-------------------------------------------
     0 | D:1      | 4FPSwarrior the Human Monk began the quest for the Orb.
     0 | D:1      | Reached XP level 1. HP: 18/18 MP: 1/1
   518 | D:1      | Reached XP level 2. HP: 24/24 MP: 2/2
  1019 | D:2      | Noticed Natasha
  1028 | D:2      | Killed Natasha
  1028 | D:2      | Reached skill level 4 in Fighting
  1028 | D:2      | Reached XP level 3. HP: 11/30 MP: 3/3
  1241 | D:2      | Reached XP level 4. HP: 37/37 MP: 4/4
  2171 | D:2      | Noticed Natasha
  2182 | D:2      | Slain by Natasha

Levels and vault maps discovered:
D:1:      elethiomel_arrival_maze, layout_loops_ring, minmay_tree_intersection
D:2:      layout_basic, uniq_crazy_yiuf_cottage, uniq_natasha

Skill      XL: |  1  2 |
---------------+-------+-----
Fighting       | 4 |  4.5
Long Blades    | |  3.6
Axes           | |  0.8
Dodging        | |  3.0
Stealth        | |  2.0

Action                   |  1- 3 |  4- 6 || total
-------------------------+-------+-------++-------
Melee: Falchion          |    41 |    17 ||    58
       Broad axe         |       |    47 ||    47
Throw: Dart              |       |     7 ||     7
  Use: Potion            |       |     1 ||     1
 Stab: Sleeping          |     3 |     2 ||     5
  Eat: Chunk             |     1 |     3 ||     4
Armor: Leather armour    |    10 |    18 ||    28
Dodge: Dodged            |    26 |    51 ||    77
       Rpst.: Falchion   |     9 |     4 ||    13
